 Dungeon Crawl Stone Soup version 0.29.1-12-g30fa7ad0bf (webtiles) character file.

Game seed: 11740057316574333575

716 Gabide the Trooper (level 8, -5/65 HPs)
             Began as a Formicid Berserker on Dec 17, 2022.
             Was a Priest of Trog.
             Slain by an ice beast (6 damage)
             ... on level 4 of the Dungeon.
             The game lasted 00:06:10 (5483 turns).

Gabide the Trooper (Formicid Berserker)             Turns: 5483, Time: 00:06:10

Health: -5/65      AC:  6    Str: 32    XL:     8   Next: 1%
Magic:  8/8        EV: 13    Int:  8    God:    Trog [***...]
Gold:   296        SH:  5    Dex: 13    Spells: 7/7 levels left

rFire   . . .      SeeInvis +   h - +1 short sword (venom)
rCold   . . .      Faith    .   (no shield)
rNeg    . . .      Spirit   .   o - +4 robe "Coubionu" {Str+9}
rPois   .          Reflect  +   (helmet unavailable)
rElec   .          Harm     .   (no cloak)
rCorr   .          Rampage  .   (no gloves)
Will    ++...                   (no boots)
Stlth   +.........              f - amulet of reflection
HPRegen 1.20/turn               (no ring)
MPRegen 0.11/turn               (no ring)

@: strong-willed, regenerating
A: permanent stasis, dig shafts and tunnels, antennae 3, four strong arms
a: Dig, Shaft Self, Renounce Religion, Trog's Hand


You were on level 4 of the Dungeon.
You worshipped Trog.
Trog was most pleased with you.
You visited 1 branch of the dungeon, and saw 5 of its levels.

You collected 296 gold pieces.

Inventory:

Hand Weapons
 a - a +0 mace
 h - a +1 short sword of venom (weapon)
Missiles
 k - 3 boomerangs
Armour
 o - the +4 robe "Coubionu" (worn) {Str+9}
   (You found it on level 3 of the Dungeon)

   Str:       It affects your strength (+9).
Jewellery
 f - an amulet of reflection (around neck)
 t - a ring of protection from fire
 v - an amulet of magic regeneration
Wands
 d - a wand of roots (5)
 u - a wand of charming (5)
Scrolls
 b - a scroll of fear {unknown}
 c - a scroll of poison {unknown}
 e - a scroll of teleportation {unknown}
 g - 2 scrolls of identify {unknown}
 i - 2 scrolls of enchant armour {unknown}
 q - a scroll of acquirement {unknown}
 s - a scroll of noise {unknown}
Potions
 j - a potion of might {unknown}
 l - a potion of berserk rage {unknown}
 m - a potion of attraction {unknown}
 p - a potion of resistance {unknown}
 r - a potion of mutation {unknown}


   Skills:
 * Level 6.5 Fighting
 * Level 6.0 Maces & Flails
 - Level 2.1 Armour
 + Level 3.7 Dodging


You had 7 spell levels left.
You didn't know any spells.
Your spell library was empty.

Dungeon Overview and Level Annotations

Branches:
Dungeon (5/15)             Temple (0/1) D:4

Altars:
Ashenzari
Nemelex Xobeh
Qazlal
Sif Muna
Uskayaw
Xom


Innate Abilities, Weirdness & Mutations

You cannot be hasted, slowed, berserked, paralysed or teleported.
You can dig through walls and to a lower floor.
You have a pair of large antennae on your head. (SInv)
Your four strong arms can wield two-handed weapons with a shield.


Message History

The orc is almost dead.
The orc closely misses you.
You closely miss the orc.
The orc is almost dead.
You block the orc's attack.
You hit the orc but do no damage.
The orc looks even sicker.
The orc is severely wounded.
The orc closely misses you.
You completely miss the orc.
The orc is severely wounded.
You kill the orc!
Trog accepts your kill.
You hit the ice beast.
The ice beast is poisoned.
The ice beast is moderately wounded.
The ice beast hits you but does no damage.
You hit the ice beast but do no damage. You punch the ice beast.
The ice beast is moderately wounded.
The ice beast barely misses you.
You hit the ice beast.
The ice beast looks as sick as possible!
The ice beast is heavily wounded.
The ice beast hits you but does no damage.
The ice beast closely misses you.
You barely miss the ice beast.
The ice beast is heavily wounded.
The ice beast hits you.
* * * LOW HITPOINT WARNING * * *
The ice beast freezes you!
* * * LOW HITPOINT WARNING * * *
You feel better. The ice beast closely misses you.
Your skin crawls.
You feel strong-willed. The ice beast hits you.
* * * LOW HITPOINT WARNING * * *
The ice beast freezes you!
* * * LOW HITPOINT WARNING * * *
The ice beast attacks as you move away! The ice beast hits you.
* * * LOW HITPOINT WARNING * * *
The ice beast freezes you.
You die...

#######...# #........#.#.#.#.#.#.
8..8.8##### #..###.)...##.#.#.##.
_..._.# #..#.)..###..#.#.#..#
......##### #..#..#.#...#.#.#.#..
.........8###..#....###..#.#.#..#
_..._.....'....#.......##.#.#.##.
.........8##......#..#.#.#.#.#.#.
......#######.>####....###...###.
_.....#........Y@...###...#.#...#
8..8.8#############.###.#.#.#.#.#
#######..............##...###...#
.....##########.####.............
.....# #...####.#.####...##
.....#


#.P.PPPPPPPPPPP....# .....# #.P.....P.....P##..# ....## #.P.PPP.P.P.PPP.#..#
....# #.P...P...P...P##..# You could see an ice beast (very poisoned).

Vanquished Creatures
  Sigmund (D:2)
  A centaur (D:4)
  A phantom (D:4)
  A necrophage (D:4)
  A scorpion (D:4)
  A hound (D:4)
  An iguana (D:4)
  Robin (D:2)
  4 gnolls (D:4)
  7 adders
  2 worms (D:2)
  A dart slug (D:4)
  8 orcs
  6 endoplasms
  2 giant cockroaches
  16 goblins
  13 hobgoblins
  2 jackals (D:1)
  3 quokkas
  7 ball pythons
  5 bats
  3 frilled lizards
  7 kobolds
  2 rats (D:2)
96 creatures vanquished.

Notes
Turn   | Place    | Note
-------+----------+-------------------------------------------
     0 | D:1      | Gabide the Formicid Berserker began the quest for the Orb.
     0 | D:1      | Reached XP level 1. HP: 18/18 MP: 1/1
   432 | D:1      | Found a faded altar of an unknown god.
   435 | D:1      | Reached XP level 2. HP: 24/24 MP: 2/2
  1151 | D:2      | Reached XP level 3. HP: 27/30 MP: 3/3
  1511 | D:2      | Reached XP level 4. HP: 36/37 MP: 4/4
  1533 | D:2      | Noticed Robin
  1572 | D:2      | Reached ** piety under Trog
  1582 | D:2      | Killed Robin
  2125 | D:2      | Noticed Sigmund
  2135 | D:2      | Killed Sigmund
  2136 | D:2      | Reached skill level 5 in Fighting
  2136 | D:2      | Reached XP level 5. HP: 32/44 MP: 5/5
  2136 | D:2      | Reached XP level 6. HP: 37/51 MP: 6/6
  3454 | D:3      | Reached skill level 5 in Maces & Flails
  3534 | D:3      | Identified the +4 robe "Coubionu" {Str+9}
  3934 | D:4      | Found a staircase to the Ecumenical Temple.
  3961 | D:4      | Reached *** piety under Trog
  3962 | D:4      | Reached XP level 7. HP: 45/56 MP: 7/7
  4749 | D:4      | Found a sparkling altar of Nemelex Xobeh.
  4749 | D:4      | Found a hide-covered altar of Uskayaw.
  4847 | D:4      | Found a broken altar of Ashenzari.
  4849 | D:4      | Found an ancient bone altar of Kikubaaqudgha.
  4849 | D:4      | Found a shimmering blue altar of Sif Muna.
  4851 | D:4      | Found a shimmering altar of Xom.
  4851 | D:4      | Found a broken altar of Ashenzari.
  4851 | D:4      | Found a stormy altar of Qazlal.
  5076 | D:4      | Reached XP level 8. HP: 53/65 MP: 8/8
  5406 | D:5      | Entered Level 5 of the Dungeon
  5483 | D:4      | HP: 1/65 [ice beast (3)]
  5483 | D:4      | Slain by an ice beast

Illustrated notes

Levels and vault maps discovered:
D:1:      giann_forest_graveyard, layout_loops_corners, serial_rivers,
          chequers_serial_rivers_room_a, chequers_serial_rivers_large_b,
          chequers_serial_rivers_micro_a, chequers_serial_rivers_micro_c,
          chequers_serial_rivers_micro_b, chequers_serial_rivers_room_b,
          hellmonk_ecumenical_altar_dog_temple, feat_on_display
D:2:      layout_basic, uniq_sigmund, uniq_robin
D:3:      layout_loops_ring, kennysheep_potato
D:4:      layout_basic, doesnt_xom_only_xom, gammafunk_temple_overflow_statue,
          minmay_temple_entry_sparse_star, dk_noncrumbling_3, minmay_hedge_maze,
          kennysheep_minor_cross, palyth_stone_intersect, minmay_starry_boxes
D:5:      layout_layer_cave, chequers_temple_overflow_statue_of_worship,
          hangedman_decor_riveting, uniq_edmund, uniq_grinder

Skill      XL: |  1  2  3  4  5  6  7 |
---------------+----------------------+-----
Dodging        | 2 3 |  3.7
Fighting       | 4 5 6 |  6.5
Maces & Flails | 4 5 6 |  6.0
Armour         | |  2.1

Action                   |  1- 3 |  4- 6 |  7- 9 || total
-------------------------+-------+-------+-------++-------
Melee: Mace              |    51 |   102 |    45 ||   198
       Punch             |     1 |     2 |     2 ||     5
       Short sword       |       |    71 |    50 ||   121
Throw: Boomerang         |       |     2 |     1 ||     3
Invok: Trog's Hand       |       |     1 |     1 ||     2
 Abil: Dig               |       |     4 |     2 ||     6
Evoke: Wand              |       |     5 |       ||     5
  Use: Potion            |       |     4 |     1 ||     5
 Stab: Sleeping          |       |     4 |     2 ||     6
Armor: Leather armour    |    15 |    18 |       ||    33
       Skin              |       |    22 |       ||    22
       Robe              |       |    35 |    20 ||    55
Dodge: Dodged            |    41 |    94 |    53 ||   188
Block: Other             |       |     1 |    18 ||    19
